 Dungeon Crawl Stone Soup version 0.25.1-2-g60ff931df9 (webtiles) character file.

Game seed: 9597249322918996261

3824 pokeman the Thaumaturge (level 9, -1/48 HPs)
             Began as a Deep Elf Wizard on Nov 13, 2020.
             Was a Follower of Vehumet.
             Slain by a black bear (3 damage)
             ... on level 8 of the Dungeon.
             The game lasted 00:24:26 (10351 turns).

pokeman the Thaumaturge (Deep Elf Wizard)          Turns: 10351, Time: 00:24:26

Health: -1/48      AC:  4    Str:  4    XL:     9   Next: 97%
Magic:  19/27      EV: 12    Int: 25    God:    Vehumet [*.....]
Gold:   546        SH:  0    Dex: 13    Spells: 18/32 levels left

rFire    + . .     SeeInvis .   s - +0 longbow
rCold    x . .     Gourm    .   (shield currently unavailable)
rNeg     + + +     Faith    .   u - +0 leather armour
rPois    +         Spirit   .   p - +0 helmet
rElec    .         Reflect  .   C - scarf {+Inv}
rCorr    .         Harm     .   (no gloves)
MR       .....                  (no boots)
Stlth    +.........             B - amulet of regeneration
HPRegen  0.56/turn              N - ring of Lady Luck {Fire rPois rN+++ Int-2}
MPRegen  0.20/turn              J - ring of attention (curse)

@: no status effects
A: no striking features
a: Renounce Religion, Evoke Invisibility


You were on level 8 of the Dungeon.
You worshipped Vehumet.
Vehumet was aware of your devotion.
You were hungry.

You visited 2 branches of the dungeon, and saw 9 of its levels.

You collected 546 gold pieces.

Inventory:

Hand Weapons
 s - a +0 longbow (weapon)
 y - a +0 short sword of electrocution
Missiles
 t - 85 arrows (quivered)
 w - 24 bolts
Armour
 p - a +0 helmet (worn)
 u - a +0 leather armour (worn)
 C - a scarf of invisibility (worn)
 I - a +0 kite shield
Jewellery
 a - an uncursed amulet of guardian spirit
 b - a +4 ring of protection
 A - an uncursed ring of protection from magic
 B - an amulet of regeneration (around neck)
 J - a cursed ring of attention (right hand)
 N - the ring of Lady Luck (left hand) {Fire rPois rN+++ Int-2}
   (You found it on level 6 of the Dungeon)

   [ring of fire]

   It enhances your fire magic.
   It affects your intelligence (-2).
   It protects you from fire.
   It makes you vulnerable to cold.
   It protects you from poison.
   It renders you almost immune to negative energy.
Wands
 k - a wand of random effects (16)
 v - a wand of paralysis (10)
 E - a wand of digging (4)
 H - a wand of flame (21)
 K - a wand of disintegration (11)
 M - a wand of iceblast (10)
Scrolls
 c - 6 scrolls of identify {unknown}
 e - 3 scrolls of remove curse {unknown}
 g - 2 scrolls of amnesia {unknown}
 i - 6 scrolls of fog {unknown}
 j - a scroll of noise {unknown}
 o - a scroll of blinking {unknown}
 r - 5 scrolls of teleportation {unknown}
 F - a scroll of enchant weapon {unknown}
 L - a scroll of vulnerability {unknown}
Potions
 f - 3 potions of resistance {unknown}
 h - a potion of mutation {unknown}
 l - 2 potions of invisibility
 m - 2 potions of curing {unknown}
 n - 3 potions of flight {unknown}
 q - a potion of degeneration {unknown}
 x - 2 potions of heal wounds {unknown}
 z - a potion of ambrosia {unknown}
 D - a potion of brilliance {unknown}
 G - 2 potions of stabbing {unknown}
Comestibles
 d - 11 rations


   Skills:
 - Level 2.1 Fighting
 - Level 3.0 Armour
 - Level 3.0 Dodging
 - Level 3.3 Stealth
 + Level 2.6 Shields
 * Level 12.2 Spellcasting
 + Level 7.1 Conjurations
 + Level 0.8 Charms
 - Level 1.1 Summonings
 - Level 1.1 Translocations
 + Level 6.2 Fire Magic
 - Level 1.0 Air Magic
 - Level 1.0 Poison Magic
 - Level 1.0 Evocations


You had 18 spell levels left.
You knew the following spells:

 Your Spells              Type           Power        Failure   Level  Hunger
a - Magic Dart            Conj           ####         1%          1    None
b - Mephitic Cloud        Conj/Pois/Air  ####....     6%          3    None
c - Call Imp              Summ           ###.....     6%          2    None
d - Blink                 Tloc           N/A          6%          2    None
e - Conjure Flame         Conj/Fire      ######..     1%          3    None
f - Shock                 Conj/Air       ####         1%          1    None
g - Swiftness             Chrm/Air       ###.....     7%          2    None

Your spell library contained the following spells:

 Spells                   Type           Power        Failure   Level  Hunger
 Sandblast                Erth           ###...       7%          1    None
 Static Discharge         Conj/Air       #####...     3%          3    None
 Animate Skeleton         Necr           N/A          7%          1    None
 Pain                     Necr           ###.         7%          1    None
 Slow                     Hex            ###.....     11%         2    None
 Vampiric Draining        Necr           ###.......   21%         3    None
 Lightning Bolt           Conj/Air       #####.....   34%         5    ###....
 Airstrike                Air            ###.......   41%         4    None
 Animate Dead             Necr           N/A          56%         4    None
 Agony                    Necr           ###.....     88%         5    ###....


Dungeon Overview and Level Annotations

Branches:
Dungeon (8/15)             Temple (1/1) D:5
   Lair: D:8-11

Altars:
Ashenzari
Cheibriados
Dithmenos
Elyvilon
Gozag
Hepliaklqana
Makhleb
Nemelex Xobeh
Okawaru
Qazlal
Ru
Sif Muna
Trog
Uskayaw
Vehumet
Wu Jian
Xom
The Shining One

Shops:
D:6 (


Message History

Aim: a black bear (severely wounded, berserk, confused)
You shoot an arrow. The arrow hits the black bear.
The black bear is almost dead.
The black bear is engulfed in noxious fumes.
The black bear appears confused.
Firing (i - inventory)
t - 86 arrows (quivered)
Press: ? - help, Shift-Dir - straight line, f/p - black bear
Aim: a black bear (almost dead, berserk, confused)
You shoot an arrow. The arrow hits the black bear.
The black bear is almost dead.
The black bear bites you. The black bear claws you.
The black bear closely misses you. The black bear misses you.
The black bear claws you.
* * * LOW HITPOINT WARNING * * *
The black bear closely misses you. The black bear bites you.
* * * LOW HITPOINT WARNING * * *
The black bear claws you.
* * * LOW HITPOINT WARNING * * *
The black bear claws you.
You die...

#..# #..... #.#.# # # #..#
#.##.## #.#.# ...#.###..#
#.#...####.#.#
.......#..###.#.#.........
#........#...####.#.#
#.#(................#
#>#(.............#..#
..#(.##########......
##.#°@# #....## #.#h☼#
#....# #.#(☼# #.#).#
.....# ######.#..## .#..#
.......<.... ..#...
.......>.... ## #...
.#####.##### #.## #.. ....


You could see a black bear (berserk, confused).

Vanquished Creatures
  The ghost of hydroclopse the Charlatan, a novice BaAr of Nemelex Xobeh (D:6)
  Menkaure (D:5)
  3 ice beasts (D:6)
  An orc warrior (D:5)
  2 sky beasts
  A necrophage (D:7)
  A phantom (D:8)
  3 ogres
  5 centaurs
  2 bullfrogs
  3 scorpions
  2 killer bees (D:7)
  3 howler monkeys
  3 crimson imps
  A bullfrog zombie (D:7)
  A centaur zombie (D:8)
  7 hounds
  A quasit (D:7)
  2 jellies
  A centaur skeleton (D:7)
  6 orc priests
  9 orc wizards
  An iguana (D:6)
  5 worker ants
  A bullfrog simulacrum (D:6)
  2 hound skeletons (D:6)
  4 gnolls (D:4)
  15 adders
  A hound simulacrum (D:6)
  A shadow imp (D:5)
  4 white imps (D:6)
  An ooze (D:4)
  4 worms
  A dart slug (D:1)
  6 leopard geckos
  32 orcs
  9 bats
  6 giant cockroaches
  4 goblins
  5 hobgoblins
  5 jackals
  7 kobolds
  6 quokkas
  4 ball pythons
  6 frilled lizards
  A leopard gecko zombie (D:7)
  A quokka zombie (D:5)
  8 rats
199 creatures vanquished.

Vanquished Creatures (collateral kills)
  A killer bee (D:7)
1 creature vanquished.

Grand Total: 200 creatures vanquished

Notes
Turn   | Place    | Note
-------+----------+-------------------------------------------
     0 | D:1      | pokeman the Deep Elf Wizard began the quest for the Orb.
     0 | D:1      | Reached XP level 1. HP: 10/10 MP: 7/7
   378 | D:1      | Reached XP level 2. HP: 16/16 MP: 7/9
  1118 | D:1      | Reached skill level 5 in Spellcasting
  1548 | D:1      | Reached XP level 3. HP: 20/20 MP: 6/11
  1553 | D:1      | Learned a level 3 spell: Mephitic Cloud
  1556 | D:1      | Learned a level 2 spell: Call Imp
  1559 | D:1      | Learned a level 2 spell: Blink
  1563 | D:1      | Learned a level 3 spell: Conjure Flame
  1676 | D:2      | Reached skill level 1 in Armour
  2080 | D:2      | Found a faded altar of an unknown god.
  2121 | D:2      | Reached skill level 1 in Fighting
  2577 | D:2      | Reached XP level 4. HP: 25/25 MP: 11/13
  2820 | D:3      | Reached skill level 1 in Fire Magic
  2991 | D:3      | Reached skill level 6 in Spellcasting
  2991 | D:3      | Reached XP level 5. HP: 29/29 MP: 1/15
  3914 | D:4      | Reached skill level 1 in Evocations
  3948 | D:4      | Reached skill level 1 in Poison Magic
  3948 | D:4      | Reached XP level 6. HP: 10/34 MP: 2/17
  4208 | D:4      | Found a shattered altar of Ashenzari.
  4624 | D:4      | Reached skill level 7 in Spellcasting
  4624 | D:4      | Reached skill level 1 in Air Magic
  4632 | D:4      | Reached XP level 7. HP: 32/38 MP: 13/20
  5224 | D:4      | Reached skill level 8 in Spellcasting
  5387 | D:5      | Entered Level 5 of the Dungeon
  5514 | D:5      | Noticed Menkaure
  5528 | D:5      | Killed Menkaure
  5752 | D:5      | Reached XP level 8. HP: 44/44 MP: 9/22
  5995 | D:5      | Reached skill level 9 in Spellcasting
  6118 | D:5      | Reached skill level 5 in Conjurations
  6597 | D:5      | Found a staircase to the Ecumenical Temple.
  6611 | Temple   | Entered the Ecumenical Temple
  6715 | Temple   | Became a worshipper of Vehumet
  7103 | D:5      | Reached skill level 10 in Spellcasting
  7726 | D:6      | Noticed hydroclopse's ghost (novice BaAr)
  7902 | D:6      | Found a runed translucent gate.
  7903 | D:6      | Found a runed translucent gate.
  7903 | D:6      | Found a runed translucent gate.
  7926 | D:6      | Reached XP level 9. HP: 47/48 MP: 19/25
  8202 | D:6      | Found Cyatz's Antique Weapon Shoppe.
  8215 | D:6      | Reached skill level 5 in Fire Magic
  9032 | D:7      | Reached skill level 1 in Shields
  9032 | D:7      | Reached skill level 11 in Spellcasting
  9429 | D:7      | Reached * piety under Vehumet
  9429 | D:7      | Offered knowledge of Sandblast by Vehumet.
 10054 | D:6      | Killed hydroclopse's ghost
 10054 | D:6      | Reached skill level 12 in Spellcasting
 10117 | D:6      | Got the ring of Lady Luck {Fire}
 10119 | D:6      | Identified the ring of Lady Luck {Fire rPois rN+++ Int-2}
                  | (You found it on level 6 of the Dungeon)
 10286 | D:8      | Learned a level 1 spell: Shock
 10289 | D:8      | Learned a level 2 spell: Swiftness
 10351 | D:8      | HP: 2/48 [black bear (5)]
 10351 | D:8      | Slain by a black bear

Illustrated notes

Levels and vault maps discovered:
D:1:      minmay_arrival_diagonal_passages, layout_loops_ring
D:2:      layout_basic, serial_rivers, chequers_serial_rivers_large_a,
          chequers_serial_rivers_micro_b, chequers_serial_rivers_small_a,
          chequers_serial_rivers_room_b, chequers_ecumenical_altar_island,
          first_ration
D:3:      layout_basic
D:4:      layout_basic, serial_bayou_pond_d, cheibrodos_ashenzari_chains
D:5:      minmay_razor_zed, layout_basic, minmay_temple_entry_tees,
          guppyfry_early_orc_mine, uniq_menkaure
D:6:      layout_basic, gammafunk_ghost_icy, serial_shops,
          nicolae_shop_window_shopping, fountainhead, dk_noncrumbling_2
D:7:      layout_gridville, kennysheep_decorative_pillar
D:8:      layout_loops_ring, nicolae_overflow_hidden_temple, uniq_grum
Temple:   minmay_crystal_snake_temple

Skill      XL: |  1  2  3  4  5  6  7  8  9 |
---------------+----------------------------+-----
Spellcasting   | 5 6 7 8 10 12 | 12.2
Armour         | 1 2 3 |  3.0
Conjurations   | 2 3 4 5 7 |  7.1
Fighting       | 1 2 |  2.1
Dodging        | 3 |  3.0
Fire Magic     | 1 2 3 4 6 |  6.2
Evocations     | 1 |  1.0
Stealth        | 3 |  3.3
Poison Magic   | 1 |  1.0
Air Magic      | 1 |  1.0
Shields        | 2 |  2.6
Charms         | |  0.8
Summonings     | |  1.1
Translocations | |  1.1

Action                   |  1- 3 |  4- 6 |  7- 9 || total
-------------------------+-------+-------+-------++-------
 Fire: Longbow           |       |    47 |   177 ||   224
 Cast: Magic Dart        |   107 |    94 |   320 ||   521
       Mephitic Cloud    |       |     8 |    26 ||    34
       Conjure Flame     |       |       |    20 ||    20
       Blink             |       |       |     1 ||     1
       Call Imp          |       |       |     5 ||     5
       Shock             |       |       |     5 ||     5
Evoke: Wand              |       |       |     4 ||     4
  Eat: Chunk             |     4 |     7 |    17 ||    28
Armor: Robe              |     3 |     2 |       ||     5
       Leather armour    |       |    11 |    54 ||    65
Dodge: Dodged            |    12 |    35 |    99 ||   146
